 Dungeon Crawl Stone Soup version 0.23.2-33-g5129a83184 (webtiles) character file.

Game seed: 10210548755526567331

2067 misha the Spear-Bearer (level 9, -1/72 HPs)
             Began as a Merfolk Fighter on July 28, 2019.
             Was a Follower of Nemelex Xobeh.
             Killed by divine providence
             ... invoked by a meliai
              (14 damage)
             ... on level 10 of the Dungeon.
             The game lasted 00:17:31 (8622 turns).

misha the Spear-Bearer (Merfolk Fighter)            Turns: 8622, Time: 00:17:34

Health: -1/72      AC: 13    Str: 19    XL:     9   Next: 26%
Magic:  9/9        EV:  7    Int:  9    God:    Nemelex Xobeh [*.....]
Gold:   300        SH: 10    Dex: 14    Spells: 8/8 levels left

rFire    . . .     SeeInvis .   a - +0 trident
rCold    . . .     Gourm    .   c - +0 shield
rNeg     . . .     Faith    .   b - +0 scale mail
rPois    .         Spirit   .   A - +1 helmet
rElec    .         Reflect  .   r - +0 cloak
rCorr    .         Harm     .   E - +2 pair of gloves "Ittaf" {Int+2}
MR       .....                  n - +0 pair of boots
Stlth    ..........             (no amulet)
HPRegen  0.22/turn              (no ring)
MPRegen  0.11/turn              (no ring)

@: no status effects
A: change form in water, swift swim, stealthy swim
a: Draw Escape, Draw Destruction, Draw Summoning, Renounce Religion


You were on level 10 of the Dungeon.
You worshipped Nemelex Xobeh.
Nemelex Xobeh was aware of your devotion.
You were not hungry.

You visited 2 branches of the dungeon, and saw 9 of its levels.

You collected 300 gold pieces.

Inventory:

Hand Weapons
 a - a +0 trident (weapon)
Missiles
 B - 5 tomahawks (quivered)
Armour
 b - a +0 scale mail (worn)
 c - a +0 shield (worn)
 n - a +0 pair of boots (worn)
 r - a +0 cloak (worn)
 A - a +1 helmet (worn)
 E - the +2 pair of gloves "Ittaf" (worn) {Int+2}
   (You found it on level 6 of the Dungeon)

   It affects your intelligence (+2).
Jewellery
 x - an uncursed amulet of harm {unknown}
 y - an uncursed amulet of the acrobat {unknown}
 F - an uncursed ring of see invisible {unknown}
Wands
 u - a wand of random effects (17)
 C - a wand of digging (6)
Scrolls
 h - 2 scrolls of noise {unknown}
 j - a scroll of magic mapping {unknown}
 l - 4 scrolls of teleportation {unknown}
 o - 4 scrolls of enchant armour {unknown}
 p - a scroll of blinking {unknown}
 q - 2 scrolls of fear
 s - 3 scrolls of remove curse {unknown}
 w - 2 scrolls of enchant weapon {unknown}
 D - a scroll of torment {unknown}
Potions
 d - 3 potions of might
 e - 2 potions of cancellation
 g - 2 potions of lignification
 i - a potion of resistance {unknown}
 k - 2 potions of brilliance {unknown}
 m - 2 potions of curing
 t - 3 potions of agility
 v - 2 potions of flight {unknown}
 z - a potion of magic {unknown}
 H - a potion of heal wounds {unknown}
Comestibles
 f - 8 rations


   Skills:
 + Level 7.3 Fighting
 * Level 12.0 Polearms
 - Level 2.1 Armour
 + Level 6.6 Shields


You had 8 spell levels left.
You didn't know any spells.
Your spell library was empty.

Dungeon Overview and Level Annotations

Branches:
Dungeon (7/15)             Temple (1/1) D:6

Altars:
Ashenzari
Cheibriados
Dithmenos
Elyvilon
Gozag
Kikubaaqudgha
Makhleb
Nemelex Xobeh
Okawaru
Qazlal
Ru
Sif Muna
Trog
Uskayaw
Vehumet
Wu Jian
Xom
Yredelemnul
Zin
The Shining One

Shops:
D:4 (


Message History

You block the centaur's attack. You block the centaur's attack.
The centaur hits you but does no damage.
You block the centaur's attack.
The water moccasin seems to return to its normal shape.
The centaur barely misses you.
The meliai seems to return to its normal shape.
You block the centaur's attack.
The meliai mumbles some strange prayers to its god against you.
Something smites you!
* * * LOW HITPOINT WARNING * * *
The centaur hits you.
* * * LOW HITPOINT WARNING * * *
You draw a card...
You have drawn the Storm.
A fierce wind blows from the card.
The monsters around you are blown away!
You hear a mighty peal of thunder!
You hear a shout!
You hear an angry hiss.
You hear a shout!
The meliai mumbles some strange prayers to its god against you.
Something smites you!
You die...
Your body disappears without a glow.

..# #.#
#.# #.#
#.# #.#
#.# #@#
#.# #c#
.######F##
......S.c#
##.####..#
#.h# #y.#
######..#


You could see a spiny frog, a water moccasin, a meliai, a wolf and 2 centaurs.

Vanquished Creatures
  An ice beast (D:6)
  3 phantoms (D:5)
  An ogre (D:4)
  3 bullfrogs (D:6)
  3 hounds
  6 orc priests
  2 jellies
  8 orc wizards
  3 bullfrog skeletons
  Ijyb (D:3)
  5 worker ants
  Natasha (twice) (D:3)
  3 iguanas
  A killer bee zombie (D:5)
  Robin (D:4)
  2 worker ant zombies
  7 adders
  A river rat (D:3)
  3 shadow imps
  2 oozes
  An adder skeleton (D:4)
  An adder zombie (D:5)
  2 worms (D:3)
  2 dart slugs
  3 leopard geckos
  29 orcs
  A ball python (D:2)
  3 giant cockroaches
  14 goblins
  12 hobgoblins
  10 jackals
  4 kobolds
  3 quokkas
  5 bats
  2 frilled lizards
  4 rats
154 creatures vanquished.

Vanquished Creatures (others)
  Prince Ribbit (D:7)
  Natasha (D:3)
2 creatures vanquished.

Grand Total: 156 creatures vanquished

Notes
Turn   | Place    | Note
-------+----------+-------------------------------------------
     0 | D:1      | misha the Merfolk Fighter began the quest for the Orb.
     0 | D:1      | Reached XP level 1. HP: 18/18 MP: 1/1
   149 | D:1      | Reached XP level 2. HP: 17/24 MP: 2/2
   748 | D:2      | Reached skill level 4 in Polearms
   936 | D:2      | Reached XP level 3. HP: 27/30 MP: 3/3
  1740 | D:3      | Reached skill level 5 in Polearms
  1740 | D:3      | Reached XP level 4. HP: 37/37 MP: 4/4
  1940 | D:3      | Reached XP level 5. HP: 39/42 MP: 5/5
  1985 | D:3      | Noticed Natasha
  1996 | D:3      | Noticed Ijyb
  2005 | D:3      | Killed Natasha
  2010 | D:3      | Killed Ijyb
  2010 | D:3      | Reached skill level 6 in Polearms
  2631 | D:3      | Noticed Natasha
  2644 | D:3      | Killed Natasha
  2835 | D:3      | Reached XP level 6. HP: 49/49 MP: 6/6
  2864 | D:3      | Found a glowing golden altar of the Shining One.
  2893 | D:3      | Noticed Natasha
  2914 | D:3      | Killed Natasha
  3068 | D:3      | Found a bloodstained altar of Trog.
  3250 | D:4      | Reached skill level 7 in Polearms
  3391 | D:4      | Noticed Robin
  3456 | D:4      | Killed Robin
  3690 | D:4      | Reached skill level 5 in Fighting
  3754 | D:4      | Found a radiant altar of Vehumet.
  3842 | D:4      | Found Icoomm's Weapon Emporium.
  3917 | D:4      | Reached XP level 7. HP: 55/56 MP: 7/7
  4648 | D:5      | Entered Level 5 of the Dungeon
  4661 | D:5      | Reached skill level 8 in Polearms
  5023 | D:5      | Reached skill level 5 in Shields
  5058 | D:5      | Reached skill level 9 in Polearms
  5279 | D:5      | Reached XP level 8. HP: 61/64 MP: 8/8
  5734 | D:5      | Reached skill level 10 in Polearms
  6467 | D:6      | Found a staircase to the Ecumenical Temple.
  6732 | Temple   | Entered the Ecumenical Temple
  7121 | Temple   | Became a worshipper of Nemelex Xobeh the Trickster
  7171 | D:6      | Received a gift from Nemelex Xobeh
  7380 | D:6      | Got a pair of polished gloves
  7479 | D:6      | Reached skill level 11 in Polearms
  7590 | D:6      | Received a gift from Nemelex Xobeh
  7594 | D:6      | Reached * piety under Nemelex Xobeh
  7662 | D:6      | Found a basalt altar of Yredelemnul.
  7748 | D:6      | Reached XP level 9. HP: 57/71 MP: 9/9
  7986 | D:6      | Identified the +2 pair of gloves "Ittaf" {Int+2} (You found
                  | it on level 6 of the Dungeon)
  8028 | D:7      | Found an ornate altar of the Wu Jian Council.
  8310 | D:7      | Noticed Prince Ribbit
  8323 | D:7      | Killed Prince Ribbit
  8471 | D:7      | Reached skill level 12 in Polearms
  8570 | D:7      | You fall through a shaft for 3 floors!
  8570 | D:10     | Entered Level 10 of the Dungeon
  8574 | D:10     | Noticed a troll
  8588 | D:10     | Noticed a polar bear
  8588 | D:10     | a yak changed into a polar bear
  8588 | D:10     | Noticed a spiny frog
  8588 | D:10     | a yak changed into a spiny frog
  8588 | D:10     | Noticed a meliai
  8588 | D:10     | a yak changed into a meliai
  8588 | D:10     | a troll changed into a soldier ant
  8603 | D:10     | a polar bear changed into a centaur
  8622 | D:10     | Killed from afar by a meliai

Skill      XL: |  1  2  3  4  5  6  7  8  9 |
---------------+----------------------------+-----
Polearms       | 4 5 6 7 9 11 12 | 12.0
Fighting       | 4 5 6 7 |  7.3
Shields        | 4 5 6 |  6.6
Armour         | |  2.1

Action                   |  1- 3 |  4- 6 |  7- 9 || total
-------------------------+-------+-------+-------++-------
Melee: Trident           |   129 |   207 |   426 ||   762
       Tailslap          |       |     1 |       ||     1
 Abil: Draw Destruction  |       |       |     6 ||     6
       Draw Summoning    |       |       |     1 ||     1
  Use: Scroll            |       |     4 |     2 ||     6
       Potion            |       |       |     1 ||     1
 Stab: Sleeping          |       |     1 |       ||     1
  Eat: Chunk             |     3 |     6 |     6 ||    15
       Ration            |       |       |     3 ||     3
Armor: Scale mail        |    40 |    50 |   113 ||   203
Dodge: Dodged            |    25 |    37 |    73 ||   135
Block: Shield            |    48 |    72 |   134 ||   254
